 Dungeon Crawl Stone Soup version bcrawl-1.19-7-g22fd707d3b (webtiles) character file.

Game seed: 6380582947764113453

698 Bnni the Covert (level 7, -4/39 HPs)
             Began as a Felid Berserker on Nov 18, 2019.
             Was an Elder of Trog.
             Killed from afar by an orc wizard (9 damage)
             ... with a magic dart
             ... on level 6 of the Dungeon on Nov 19, 2019.
             The game lasted 00:13:50 (6278 turns).

Bnni the Covert (Felid Berserker)                   Turns: 6278, Time: 00:13:50

Health: -4/39      AC:  2    Str: 13      XL:     7   Next: 65%
Magic:  8/8        EV: 19    Int:  9      God:    Trog [****..]
Gold:   447        SH:  0    Dex: 16 (17) Spells: 6/6 levels left
                                        Lives:  0   Deaths: 2

rFire    . . .     SeeInvis +     - Unarmed
rCold    + . .     Gourm    .   (shield unavailable)
rNeg     . . .     Faith    .   (armour unavailable)
rPois    .         Spirit   .   (helmet unavailable)
rElec    .         Reflect  .   (cloak restricted)
rCorr    .         Harm     .   (gloves unavailable)
MR       +++..                  (boots unavailable)
Stlth    +++++++...             r - amulet of magic regeneration
HPRegen  1.13/turn              m - ring of stealth
MPRegen  0.36/turn              k - ring of protection from cold

@: regenerating, quick
A: very small, no armour, no weapons or thrown items, stealth, claws 1, fangs 3,
see invisible, carnivore, speed 1, shaggy fur 2, slow metabolism 1, sharp paws
a: Berserk, Trog's Hand, Brothers in Arms, Renounce Religion


You were on level 6 of the Dungeon.
You worshipped Trog.
Trog was greatly pleased with you.
You were very full.

You visited 2 branches of the dungeon, and saw 7 of its levels.

You collected 447 gold pieces.

Inventory:

Jewellery
 k - a ring of protection from cold (right paw)
 m - a ring of stealth (left paw)
 q - an uncursed ring of resist corrosion
 r - an amulet of magic regeneration (around neck)
Scrolls
 d - a scroll of amnesia
 e - 3 scrolls of magic mapping
 h - a scroll of blinking
 j - a scroll of immolation
Potions
 b - a potion of haste {unknown}
 i - 2 potions of mutation
 l - a potion of magic
 n - 3 potions of heal wounds
 o - a potion of curing
 p - a potion of agility
 s - a potion of invisibility
 v - a potion of brilliance {unknown}
Comestibles
 a - 5 rations {!d}


   Skills:
 + Level 5.4 Fighting
 - Level 4.0 Dodging
 * Level 9.1 Stealth
 * Level 8.7 Unarmed Combat


You had 6 spell levels left.
You didn't know any spells.
Your spell library contained the following spells:

 Spells                   Type           Power        Failure   Level  Hunger
 Magic Dart               Conj           #...         38%         1    ##.....
 Blink                    Tloc           N/A          52%         2    ###....
 Call Imp                 Summ           #.....       52%         2    ###....
 Conjure Flame            Conj/Fire      #.......     77%         3    ####...
 Mephitic Cloud           Conj/Pois/Air  #.......     77%         3    ####...
 Spider Form              Tmut/Pois      #..          77%         3    ####...


Dungeon Overview and Level Annotations

Branches:
Dungeon (6/12)             Temple (1/1) D:4

Altars:
Ashenzari
Dithmenos
Fedhas
Gozag
Kikubaaqudgha
Lugonu
Nemelex Xobeh
Okawaru
Qazlal
Ru
Sif Muna
Trog
Uskayaw
Wu Jian
Xom
Yredelemnul
Zin
The Shining One

Shops:
D:5 %


Innate Abilities, Weirdness & Mutations

You cannot wear almost all types of armour.
You are incapable of wielding weapons or throwing items.
Your paws allow you to move quietly. (Stealth)
You have sharp claws.
You have razor-sharp teeth.
You have supernaturally acute eyesight. (SInv)
You are carnivorous and can eat meat at any time.
You cover ground quickly.
You are covered in thick fur. (AC +2)
You have a slow metabolism.
Your sharp claws are effective at attacking unaware monsters.


Message History

The hound misses you.
You claw the hound! You bite the hound.
You kill the hound!
Trog accepts your kill.
The orc wizard mumbles some strange words.
The orc wizard seems to speed up.
The orc priest mumbles some strange prayers to Beogh against you.
Beogh smites you!
* * * LOW HITPOINT WARNING * * *
Things that are here:
a +0 dagger; a +0 robe You closely miss the orc wizard.
You bite the orc wizard.
The orc wizard is lightly wounded.
The orc wizard hits you with a +0 dagger.
* * * LOW HITPOINT WARNING * * *
You completely miss the orc wizard.
The orc wizard is lightly wounded.
The orc wizard casts a spell at you. The magic dart hits you!
You die...

........S### #.รท......
.........## #..<.....
#......##..# #########
.. #........o.#
..##.##...##..o#
......#!..###...o .
#.....#....#####......
#.#........######.....
###.#.#.........@ooo....
......##.....######.....
.....###........# ...
............###.....# .
#............# .....
#.........#..# ....
..........#..# ...
..#####.#.#.... .. ..#
#...#.##.. .


You could see an orc priest, an orc wizard and an orc.

Vanquished Creatures
  Edmund (D:6)
  A water moccasin (D:6)
  3 sky beasts
  2 ogres (D:5)
  2 phantoms (D:5)
  A centaur (D:6)
  4 big kobolds (D:5)
  3 bullfrogs (D:6)
  3 crimson imps
  A quasit (D:6)
  2 hounds (D:6)
  An orc priest (D:3)
  2 bullfrog skeletons
  A jelly (D:5)
  2 centaur skeletons (D:6)
  2 orc wizards (D:6)
  2 worker ants
  A killer bee zombie (D:5)
  2 hound zombies
  2 gnolls (D:5)
  6 adders
  An ooze (D:3)
  4 worms
  2 dart slugs
  7 leopard geckos
  12 orcs
  2 giant cockroaches
  5 goblins
  12 hobgoblins
  3 jackals (D:5)
  4 quokkas
  5 bats
  4 frilled lizards
  53 kobolds
  A quokka skeleton (D:4)
  7 rats
166 creatures vanquished.

Notes
Turn   | Place    | Note
-------+----------+-------------------------------------------
     0 | D:1      | Bnni the Felid Berserker began the quest for the Orb.
     0 | D:1      | Reached XP level 1. HP: 12/12 MP: 2/2
   213 | D:1      | Reached skill level 1 in Stealth
   473 | D:1      | Reached XP level 2. HP: 16/16 MP: 3/3
  1052 | D:1      | Reached skill level 2 in Stealth
  1154 | D:1      | Reached XP level 3. HP: 20/20 MP: 4/4
  1343 | D:2      | Reached ** piety under Trog
  1498 | D:2      | Found a shadowy altar of Dithmenos.
  1681 | D:2      | Found a faded altar of an unknown god.
  2132 | D:3      | Reached skill level 3 in Stealth
  2132 | D:3      | Reached XP level 4. HP: 24/24 MP: 5/5
  2807 | D:4      | Found a corrupted altar of Lugonu.
  2811 | D:4      | Found a shimmering altar of Xom.
  2879 | D:4      | Found a staircase to the Ecumenical Temple.
  2899 | Temple   | Entered the Ecumenical Temple
  3300 | D:4      | Found a shimmering blue altar of Sif Muna.
  3389 | D:4      | Reached *** piety under Trog
  3422 | D:4      | Reached skill level 4 in Stealth
  3422 | D:4      | Reached skill level 5 in Unarmed Combat
  3422 | D:4      | Reached XP level 5. HP: 28/29 MP: 6/6
  3422 | D:4      | Noticed a yak
  3422 | D:4      | Reached skill level 5 in Stealth
  3422 | D:4      | Gained mutation: You are covered in thick fur. (AC +2)
                  | [Felid growth]
  3422 | D:4      | Reached XP level 6. HP: 31/33 MP: 7/7
  3422 | D:4      | Noticed a yak
  3484 | D:4      | Killed from afar by an orc wizard
  3485 | D:4      | Reached XP level 5. HP: 0/29 MP: 6/6
  3781 | D:5      | Entered Level 5 of the Dungeon
  3800 | D:5      | Reached XP level 6. HP: 33/33 MP: 7/7
  3800 | D:5      | Noticed a sky beast
  3807 | D:5      | Reached skill level 6 in Stealth
  3807 | D:5      | Noticed a phantom
  3829 | D:5      | Killed a sky beast
  3860 | D:5      | Killed a phantom
  4025 | D:5      | Found Yshoj's Food Emporium.
  4175 | D:5      | Noticed a sky beast
  4184 | D:5      | Killed a sky beast
  4350 | D:5      | Reached XP level 7. HP: 38/38 MP: 8/8
  4622 | D:5      | Reached **** piety under Trog
  4760 | D:5      | Reached skill level 7 in Stealth
  5561 | D:6      | Reached skill level 5 in Fighting
  5565 | D:6      | Reached skill level 8 in Stealth
  5632 | D:6      | Reached XP level 8. HP: 43/43 MP: 9/9
  5786 | D:6      | HP: 1/43 [centaur (6)]
  5786 | D:6      | Killed from afar by an orc wizard
  5787 | D:6      | Reached XP level 7. HP: -3/39 MP: 8/8
  5989 | D:6      | Reached skill level 9 in Stealth
  5989 | D:6      | Noticed Edmund
  6005 | D:6      | Killed Edmund
  6278 | D:6      | Killed from afar by an orc wizard

Skill      XL: |  1  2  3  4  5  6  7  8 |
---------------+-------------------------+-----
Stealth        | 1 2 3 4 5 6 9 |  9.1
Unarmed Combat | 4 5 6 7 8 |  8.7
Fighting       | 4 5 |  5.4
Dodging        | |  4.0

Action                   |  1- 3 |  4- 6 |  7- 9 || total
-------------------------+-------+-------+-------++-------
Melee: Unarmed           |   109 |   110 |   226 ||   445
       Bite              |     6 |    12 |    18 ||    36
       Punch             |       |     2 |    11 ||    13
Invok: Berserk           |     1 |     3 |     2 ||     6
       Trog's Hand       |       |     1 |     2 ||     3
  Use: Scroll            |       |       |    15 ||    15
 Stab: Sleeping          |    11 |    14 |    17 ||    42
       Distracted        |       |     1 |     4 ||     5
  Eat: Chunk             |    10 |     5 |    10 ||    25
Armor: Skin              |     4 |     6 |    21 ||    31
Dodge: Dodged            |    88 |    79 |   198 ||   365
